 Dungeon Crawl Stone Soup version 0.29-a0-370-gb5314be063 (webtiles) character file.

Game seed: 3654095026508246909

1136 Lekart the Poker (level 8, -5/66 HPs)
             Began as a Pale Draconian Gladiator on May 2, 2022.
             Shot with an arrow by a centaur (12 damage)
             ... on level 7 of the Dungeon.
             The game lasted 00:06:42 (5922 turns).

Lekart the Poker (Pale Draconian Gladiator)         Turns: 5922, Time: 00:06:42

Health: -5/66      AC:  8    Str: 21    XL:     8   Next: 14%
Magic:  8/8        EV: 14    Int:  8    God:
Gold:   290        SH:  0    Dex: 15    Spells: 7/7 levels left

rFire   . . .      SeeInvis .   g - +2 trident (venom)
rCold   . . .      Faith    +   (no shield)
rNeg    . . .      Spirit   .   (body armour unavailable)
rPois   .          Reflect  .   b - +2 hat
rElec   .          Harm     +   (no cloak)
rCorr   .          Rampage  .   (no gloves)
Will    +....                   (no boots)
Stlth   ++........              d - amulet "Joxto" {Faith Harm Str+4}
HPRegen 0.21/turn               h - ring of willpower
MPRegen 0.11/turn               s - +4 ring of slaying

@: slowed, very slow
A: breathe steam, AC +6, unfitting armour, cold-blooded, steam resistance
a: Breathe Steam


You were on level 7 of the Dungeon.
You visited 1 branch of the dungeon, and saw 7 of its levels.

You collected 290 gold pieces.

Inventory:

Hand Weapons
 a - a +0 war axe
 g - a +2 trident of venom (weapon)
Missiles
 c - 2 throwing nets (quivered)
 e - a javelin
Armour
 b - a +2 hat (worn)
Jewellery
 d - the amulet "Joxto" (around neck) {Faith Harm Str+4}
   (You acquired it on level 1 of the Dungeon)

   [amulet of faith]

   It allows you to gain divine favour quickly.
   Str:       It affects your strength (+4).
   Harm:      It increases damage dealt and taken.
 h - a ring of willpower (left hand)
 p - a ring of flight
 s - a +4 ring of slaying (right hand)
 t - a ring of protection from cold
Wands
 k - a wand of iceblast (6)
 q - a wand of mindburst (24)
 r - a wand of acid (6)
Scrolls
 j - a scroll of blinking
 u - 3 scrolls of enchant armour
 v - a scroll of teleportation
Potions
 f - 3 potions of lignification
 i - a potion of might {unknown}
 l - a potion of flight
 m - a potion of invisibility
 n - 3 potions of curing
 o - 2 potions of cancellation {unknown}
 w - 2 potions of heal wounds


   Skills:
 + Level 4.1 Fighting
 + Level 4.8(5.8) Axes
 + Level 5.0(5.9) Polearms
 + Level 2.5 Throwing
 * Level 4.9 Dodging
 + Level 3.5 Stealth
 + Level 0.1 Evocations


You had 7 spell levels left.
You didn't know any spells.
Your spell library contained the following spells:

 Spells                   Type           Power      Damage    Failure   Level
 Ensorcelled Hibernation  Hex/Ice        0%         N/A       54%         2
 Dazzling Flash           Conj/Hex       0%         N/A       78%         3
 Gell's Gravitas          Tloc           0%         N/A       78%         3
 Spider Form              Tmut/Pois      0%         N/A       78%         3
 Teleport Other           Tloc           0%         N/A       78%         3
 Anguish                  Hex/Necr       0%         N/A       99%         4
 Iskenderun's Mystic Bla  Conj/Tloc      0%         2d3       99%         4
 Dispersal                Tloc           0%         N/A       100%        6
 Starburst                Conj/Fire      0%         6d3       100%        6


Dungeon Overview and Level Annotations

Branches:
Dungeon (7/15)
 Temple: D:4-7

Altars:
Qazlal
Trog
Yredelemnul

Shops:
D:4 *

Annotations:
D:5 2 runed translucent doors, Zero's ghost, amateur GrFi


Innate Abilities, Weirdness & Mutations

You can breathe blasts of scalding, opaque steam.
Your pale cyan-grey scales are hard. (AC +6)
You cannot fit into any form of body armour.
You are cold-blooded and may be slowed by cold attacks.
You are immune to the effects of steam.


Message History

The wight is severely damaged.
The wight completely misses you.
You puncture the wight!
You destroy the wight!
The centaur shouts!
The wight hits you with a +2 dagger.
You hit the wight.
The wight is moderately damaged.
The wight hits you with a +2 dagger.
You puncture the wight!
The wight is almost destroyed.
The wight hits you with a +2 dagger! The wight misses you.
You closely miss the wight.
The wight is almost destroyed.
The wight barely misses you. x2; The hound bites you but does no damage.
You hit the wight.
You destroy the wight!
The hound bites you.
The centaur wields a +2 shortbow of freezing.
It is covered in frost.
The centaur shoots an arrow.
The arrow hits you!
You feel yourself slow down. The arrow freezes you.
The wight barely misses you.
Your Polearms skill increases to level 5!
You are too injured to fight recklessly!
You are too injured to fight recklessly!
You are too injured to fight recklessly!
The hound attacks as you move away! The hound bites you but does no damage.
The centaur shoots an arrow.
The arrow hits you.
* * * LOW HITPOINT WARNING * * *
You feel as though you will be slow longer.
The arrow freezes you.
* * * LOW HITPOINT WARNING * * *
The hound bites you.
* * * LOW HITPOINT WARNING * * *
The wight hits you but does no damage. The hound bites you but does no damage.
The wight attacks as you move away! The wight hits you with a +4 dagger!
* * * LOW HITPOINT WARNING * * *
The centaur shoots an arrow.
The arrow closely misses you.
The centaur shoots an arrow.
The arrow hits you!
You die...

#........ ......... ..
......... .#.
........# ...
........# ..# .#
......)c####.# #.#
.......z.....######..#
.........).###........
....###.h@.#
#........# ...
#....###........### #
#.................
#....###........###
#....# #..........#
#....# #..........#
#.#### #........#.#.
#. #...[........ #.
##.###.###.##


You could see a centaur, a hound and a wight.

Vanquished Creatures
  An ice beast (D:6)
  2 ogres (D:5)
  A bullfrog (D:6)
  2 scorpions (D:5)
  3 wights (D:7)
  A gnoll shaman (D:6)
  3 hounds (D:5)
  A jelly (D:5)
  6 iguanas
  Natasha (D:2)
  9 gnolls
  3 adders
  A white imp (D:5)
  An ufetubus (D:5)
  3 worms
  A dart slug (D:4)
  7 orcs
  7 bats
  7 endoplasms
  3 giant cockroaches
  4 goblins
  3 hobgoblins
  8 jackals
  3 quokkas
  4 ball pythons
  4 frilled lizards
  8 kobolds
  7 rats (D:1)
104 creatures vanquished.

Notes
Turn   | Place    | Note
-------+----------+-------------------------------------------
     0 | D:1      | Lekart the Draconian Gladiator began the quest for the Orb.
     0 | D:1      | Reached XP level 1. HP: 17/17 MP: 1/1
   109 | D:1      | Found a faded altar of an unknown god.
   208 | D:1      | Reached XP level 2. HP: 20/24 MP: 2/2
   914 | D:1      | Identified a scroll of acquirement
   914 | D:1      | Acquired the amulet "Joxto" {Faith Harm Str+4}
  1076 | D:2      | Found a stormy altar of Qazlal.
  1083 | D:2      | Reached XP level 3. HP: 30/30 MP: 3/3
  1544 | D:2      | Noticed Natasha
  1550 | D:2      | Killed Natasha
  1813 | D:2      | Reached XP level 4. HP: 37/37 MP: 4/4
  2788 | D:4      | Reached XP level 5. HP: 24/44 MP: 5/5
  2928 | D:4      | Reached skill level 1 in Stealth
  3232 | D:4      | Found a basalt altar of Yredelemnul.
  3243 | D:4      | Reached skill level 1 in Polearms
  3303 | D:4      | Found Puturoh's Lightly-Used Armoury.
  3726 | D:5      | Entered Level 5 of the Dungeon
  3726 | D:5      | Noticed an ogre
  3728 | D:5      | Killed an ogre
  3729 | D:5      | Reached XP level 6. HP: 51/51 MP: 6/6
  3734 | D:5      | Reached skill level 2 in Polearms
  3862 | D:5      | Found a large runed translucent door.
  3862 | D:5      | Found a large runed translucent door.
  4051 | D:5      | Noticed Zero's ghost (amateur GrFi)
  4103 | D:5      | Your scales start taking on a pale cyan-grey colour.
  4103 | D:5      | Reached XP level 7. HP: 58/58 MP: 7/7
  4103 | D:5      | Gained mutation: You are immune to the effects of steam.
                  | [Pale Draconian growth]
  4107 | D:5      | Reached skill level 3 in Polearms
  4999 | D:6      | Found a bloodstained altar of Trog.
  5160 | D:6      | Reached skill level 4 in Polearms
  5911 | D:7      | Reached XP level 8. HP: 66/66 MP: 8/8
  5921 | D:7      | Reached skill level 5 in Polearms
  5922 | D:7      | Shot with an arrow by a centaur

Illustrated notes

Levels and vault maps discovered:
D:1:      dpeg_arrival_ratfight, layout_loops_corners, basic_ecumenical_altar
D:2:      layout_basic, basic_altar, hangedman_glass_teeth, uniq_natasha
D:3:      layout_rooms
D:4:      layout_basic, lemuel_tele_altar, minmay_shop_damaged,
          hangedman_abyss_or_decor_jellyfish_corner
D:5:      layout_loops_ring, ebering_ghost_disaster_area
D:6:      layout_loops_corners, lemuel_doored_altar, minmay_fountain_box,
          grunt_decor_arrowhead, minivault_27
D:7:      layout_basic, mainiacjoe_overflow_brackets, grunt_qazlal_clouds,
          minmay_temple_entry_glass, lemuel_old_faithful

Skill      XL: |  1  2  3  4  5  6  7  8 |
---------------+-------------------------+-----
Dodging        | 3 4 |  4.9
Axes           | 4 |  4.8
Stealth        | 1 2 3 |  3.5
Fighting       | 3 4 |  4.1
Polearms       | 1 2 4 5 |  5.0
Throwing       | 2 |  2.5
Evocations     | |  0.1

Action                   |  1- 3 |  4- 6 |  7- 9 || total
-------------------------+-------+-------+-------++-------
Melee: War axe           |    80 |    35 |       ||   115
       Tailslap          |     8 |     8 |     5 ||    21
       Trident           |       |    61 |    47 ||   108
       Punch             |       |       |     1 ||     1
Throw: Throwing net      |     1 |     7 |     1 ||     9
       Javelin           |     1 |       |       ||     1
 Abil: Breathe Steam     |       |       |     3 ||     3
Evoke: Wand              |       |     2 |       ||     2
  Use: Scroll            |     1 |    14 |     6 ||    21
       Potion            |       |     1 |       ||     1
 Stab: Sleeping          |     1 |     1 |     1 ||     3
       Held in net/web   |       |     2 |       ||     2
       Distracted        |       |     1 |       ||     1
Armor: Skin              |    30 |    20 |    12 ||    62
Dodge: Dodged            |    34 |    48 |    22 ||   104

Table legend: (Time is in decaauts)
 A = Elapsed time spent in this place.
 B = Non-inter-level travel time spent in this place.
 C = Inter-level travel time spent in this place.
 D = Time resting spent in this place.
 E = Time spent auto-exploring this place.
 F = Levels seen in this place.
 G = Mean time per level.
                   A        B        C        D        E       F      G
               +--------+--------+--------+--------+--------+-----+--------+
         Total |   5972 |   5772 |    200 |    232 |   4848 |   7 |  853.1 |
       Dungeon |   5972 |   5772 |    200 |    232 |   4848 |   7 |  853.1 |
               +--------+--------+--------+--------+--------+-----+--------+

Top non-repeatable levels by time:
     D:4: 1169 daAuts
     D:6: 1153 daAuts
     D:1: 1094 daAuts
     D:5: 995 daAuts
     D:2: 843 daAuts
     D:3: 665 daAuts
     D:7: 50 daAuts
